 Dungeon Crawl Stone Soup version 0.20.1-1-g8b1a95d (webtiles) character file.

221 vineage the Shield-Bearer (level 5, -8/33 HPs)
             Began as a Gargoyle Fighter on Sept 16, 2017.
             Killed by divine providence
             ... invoked by an orc priest
              (14 damage)
             ... on level 3 of the Dungeon.
             The game lasted 00:05:37 (2426 turns).

vineage the Shield-Bearer (Gargoyle Fighter)        Turns: 2426, Time: 00:05:38

Health: -8/33      AC: 12    Str: 20    XL:     5   Next: 98%
Magic:  5/5        EV:  6    Int:  8    God:
Gold:   169        SH: 14    Dex: 10    Spells: 4/4 levels left

rFire    . . .     SeeInvis .   a - +1 flail
rCold    . . .     Gourm    .   t - +0 large shield
rNeg     + . .     Faith    .   b - +0 scale mail
rPois    ∞         Spirit   .   (no helmet)
rElec    +         Reflect  .   j - +0 cloak
rCorr    .         Harm     .   (no gloves)
MR       .....                  (no boots)
Stlth    ..........             p - amulet of inaccuracy (curse)
Regen    0.2/turn               (no ring)
MPRegen  0.1/turn               (no ring)

@: no status effects
A: negative energy resistance 1, electricity resistance, unbreathing,
petrification resistance, rot immunity, AC +4
a: no special abilities


You were on level 3 of the Dungeon.
You were hungry.

You visited 1 branch of the dungeon, and saw 3 of its levels.

You collected 169 gold pieces.

Inventory:

Hand Weapons
 a - a +1 flail (weapon)
Missiles
 g - 2 javelins of returning (quivered)
Armour
 b - a +0 scale mail (worn)
 c - a +0 shield
 j - a +0 cloak (worn)
 t - a +0 large shield (worn)
Jewellery
 p - a cursed amulet of inaccuracy (around neck)
Wands
 m - a wand of polymorph (13/24)
 r - a wand of flame (25/48)
Potions
 d - a potion of might
 e - 2 potions of curing
 i - a potion of flight {unknown}
 n - a potion of mutation {unknown}
Comestibles
 f - 3 bread rations
 q - 4 fruits
 s - a meat ration
 v - 2 chunks of flesh


   Skills:
 + Level 3.8 Fighting
 + Level 3.0 Maces & Flails
 + Level 1.5 Throwing
 + Level 4.1 Armour
 + Level 0.8 Dodging
 + Level 5.0 Shields


You had 4 spell levels left.
You didn't know any spells.

Dungeon Overview and Level Annotations

Branches:
Dungeon (3/15)

Altars:
Trog
Xom
The Shining One


Innate Abilities, Weirdness & Mutations

You are resistant to torment.
Your stone body is resilient. (AC +4)
You are immune to poison.
You resist negative energy. (rN+)
You are resistant to electric shocks. (rElec)
You can survive without breathing.
You are immune to petrification.
You are immune to rotting.


Message History

The orc priest hits you but does no damage. x2
You miss the orc priest.
The orc priest hits you but does no damage.
The orc priest hits you with a mace of protection.
The orc priest hits you but does no damage.
Your shield prevents you from hitting the orc priest.
You are feeling hungry.
The orc priest calls down the wrath of Beogh upon you.
Pain shoots through your body!
The orc priest hits you but does no damage.
You miss the orc priest.
The orc priest looks braver for a moment.
You block the orc priest's attack.
The orc priest calls down the wrath of Beogh upon you.
Pain shoots through your body!
* * * LOW HITPOINT WARNING * * *
Your shield and scale mail prevent you from hitting the orc priest.
The orc priest calls down the wrath of Beogh upon you.
Beogh smites you!
You die...

***,* **,,,,,**
*,,,,,,,,* *,*
**,,>** ******,***
****,* *#+#* *,*
*,,,,* #.# *,*
*****,*#** #.#
********,*
*,,,,,,..#######.##
*,,,,,,,,*
*,***,**,.........##
*,******** *,*
*,**,##.##.....###.#
*,*
*,**,#.....o@......#
*,*
*,,.....#))#o#######
*,* ***#.#.#.#.#.#
*,*****#.......#.#
*,,,,,,..#######.#
********** #.# #.#
*********#.#
*,,,,,,,,..#


You could see 2 orc priests.

Vanquished Creatures
  An orc priest (D:3)
  Natasha (thrice) (D:2)
  4 adders (D:2)
  An ooze (D:1)
  3 worms (D:2)
  5 leopard geckos
  7 orcs (D:3)
  3 giant cockroaches
  5 hobgoblins
  A quokka (D:2)
  A ball python (D:1)
  4 bats
  3 frilled lizards
  4 goblins
  8 kobolds
  12 rats
  A butterfly (D:2)
66 creatures vanquished.

Notes
Turn   | Place    | Note
-------+----------+-------------------------------------------
     0 | D:1      | vineage the Gargoyle Fighter began the quest for the Orb.
     0 | D:1      | Reached XP level 1. HP: 14/14 MP: 1/1
    85 | D:1      | Reached XP level 2. HP: 19/19 MP: 2/2
   343 | D:1      | Reached skill level 4 in Shields
   343 | D:1      | Reached XP level 3. HP: 22/23 MP: 3/3
   757 | D:2      | Found a shimmering altar of Xom.
  1035 | D:2      | Noticed a moth of wrath
  1038 | D:2      | Found a bloodstained altar of Trog.
  1166 | D:2      | Reached skill level 1 in Throwing
  1166 | D:2      | Reached XP level 4. HP: 11/29 MP: 4/4
  1327 | D:2      | Noticed Natasha
  1329 | D:2      | Killed Natasha
  1442 | D:2      | Noticed Natasha
  1448 | D:2      | Killed Natasha
  1448 | D:2      | Reached XP level 5. HP: 10/33 MP: 5/5
  1876 | D:2      | Found a glowing golden altar of the Shining One.
  1934 | D:2      | Noticed Natasha
  1944 | D:2      | Killed Natasha
  2368 | D:3      | Reached skill level 5 in Shields
  2426 | D:3      | Killed from afar by an orc priest

Skill      XL: |  1  2  3  4  5 |
---------------+----------------+-----
Shields        | 4 5 |  5.0
Throwing       | 1 |  1.5
Armour         | 4 |  4.1
Maces & Flails | 3 |  3.0
Fighting       | |  3.8
Dodging        | |  0.8

Action                   |  1- 3 |  4- 6 || total
-------------------------+-------+-------++-------
Melee: Flail             |    96 |   157 ||   253
Throw: Javelin           |    51 |    11 ||    62
  Use: Scroll            |       |     6 ||     6
       Potion            |       |     2 ||     2
  Eat: Chunk             |       |     5 ||     5
Armor: Scale mail        |    80 |    81 ||   161
Dodge: Dodged            |    55 |    37 ||    92
Block: Shield            |    76 |    66 ||   142
       Large shield      |       |    32 ||    32
